Map: Whirlwind LE (Void)

Players

Padparadscha - Winner!

  • Race: Zerg Zerg
  • League: Diamond
  • Spawn Location: 7:00

Musumeci

  • Race: Zerg Zerg
  • League: Diamond
  • Spawn Location: 11:00

VOD

Have the link to the VOD?

Description

Time

  • Played on: Jan. 3, 2017, 7:32 a.m.
  • Length: 14:36
Show
View Real Time Build Order
Export as new Build Order

Padparadscha Zerg - Winner!

Build Orders: Pool First 

Get SALT Encoding   

  12  0:01  Drone  
  13  0:10  Drone  
  14  0:16  Overlord  
  14  0:35  Drone x3  
  17  0:45  Spawning Pool  
  17  0:47  Drone  
  17  0:51  Extractor  
  17  0:57  Drone  
  17  1:19  Hatchery  
  17  1:20  Drone  
  17  1:22  Drone  
  18  1:32  Queen  
  18  1:38  Zergling x2  
  21  1:52  Zergling x2  
  22  1:55  Overlord  
  22  2:02  Metabolic Boost  
  22  2:14  Zergling x4  
  24  2:23  Queen  
  26  2:32  Baneling Nest  
  26  2:34  Queen  
  26  2:35  Zergling x2  
  28  2:39  Zergling x2  
  28  2:41  Zergling x2  
  30  2:47  Zergling x2  
  31  2:54  Zergling x2  
  31  2:55  Zergling x2  
  33  3:18  Zergling x6  
  36  3:24  Baneling x3  
  36  3:25  Baneling x2  
  33  3:55  Zergling x10  
  36  3:58  Overlord x2  
  36  4:02  Overlord  
  34  4:20  Baneling  
  33  4:33  Zergling x6  
  33  4:34  Zergling x16  
  44  4:41  Zergling x2  
  44  4:44  Drone  
  44  4:45  Drone  
  46  4:52  Drone x2  
  47  5:03  Baneling x2  
  47  5:04  Baneling x4  
  44  5:28  Baneling x3  
  44  5:29  Baneling  
  44  5:32  Drone x5  
  44  5:33  Drone x3  
  51  5:52  Zergling x14  
  51  5:54  Baneling x3  
  55  6:23  Baneling x6  
  55  6:29  Zergling x6  
  55  6:30  Zergling x4  
  55  6:32  Overlord x3  
  58  6:51  Zergling x10  
  58  6:52  Zergling x2  
  56  7:10  Zergling x10  
  54  7:23  Zergling x4  
  54  7:30  Zergling x2  
  54  7:31  Queen  
  54  7:32  Queen  
  59  7:41  Roach Warren  
  54  7:47  Zergling x6  
  47  8:10  Zergling x8  
  51  8:17  Zergling x4  
  52  8:28  Lair, Extractor  
  52  8:30  Extractor  
  52  8:31  Zergling x4  
  52  8:32  Extractor  
  51  8:35  Baneling x4  
  51  8:39  Hatchery  
  38  8:57  Roach x8  
  38  8:58  Roach x2  
  56  9:05  Roach  
  55  9:24  Zergling x8  
  59  9:35  Zergling x4  
  54  10:01  Roach x2  
  54  10:02  Roach x3  
  59  10:09  Drone  
  60  10:22  Roach x2  
  60  10:28  Hydralisk Den  
  63  10:32  Hatchery  
  63  10:34  Drone x3  
  65  10:45  Roach x4  
  69  11:08  Roach x4  
  69  11:09  Roach x2  
  78  11:16  Roach x3  
  69  11:21  Glial Reconstitution  
  61  11:27  Drone  
  60  11:32  Roach  
  60  11:37  Zergling x4  
  64  11:47  Roach x2  
  62  11:56  Roach  
  62  11:58  Roach  
  66  12:14  Roach x3  
  72  12:24  Zergling x2  
  72  12:25  Zergling x4  
  75  12:31  Drone x2  
  76  12:43  Roach x2  
  79  12:51  Zergling x4  
  78  13:16  Spine Crawler  
  78  13:17  Roach x3  
  75  13:29  Zergling x6  
  75  13:30  Zergling x2  
  65  13:43  Zergling x6  
  66  14:06  Roach x4  
  73  14:14  Zergling x2  
  73  14:15  Zergling x2  
Show
View Real Time Build Order
Export as new Build Order

Musumeci Zerg 

Build Orders: Hatch First, Zergling Baneling 

Get SALT Encoding   

  12  0:05  Drone  
  13  0:12  Drone  
  14  0:16  Drone, Extractor  
  15  0:22  Overlord  
  15  0:36  Extractor x2  
  15  0:37  Drone  
  15  0:40  Drone  
  17  0:56  Hatchery  
  16  1:01  Drone, Extractor  
  17  1:04  Extractor  
  16  1:17  Spawning Pool  
  15  1:20  Drone  
  15  1:24  Drone  
  17  1:28  Drone  
  17  1:32  Drone  
  19  1:50  Drone  
  20  1:54  Drone  
  21  2:07  Queen  
  23  2:10  Metabolic Boost  
  23  2:11  Queen  
  25  2:20  Zergling x2  
  25  2:21  Zergling x4  
  28  2:27  Zergling x2  
  28  2:36  Zergling x2, Baneling Nest  
  28  2:41  Overlord  
  28  2:51  Overlord  
  28  3:00  Zergling x8  
  32  3:18  Zergling x6  
  35  3:24  Zergling x8  
  35  3:26  Baneling x2  
  34  3:48  Baneling x4  
  34  4:05  Baneling  
  34  4:07  Baneling x2  
  34  4:09  Zergling x18  
  39  4:24  Zergling x4  
  40  4:40  Zergling x4  
  40  4:43  Baneling x2  
  41  4:50  Zergling x2  
  41  4:51  Zergling x2  
  43  4:55  Evolution Chamber  
  42  5:03  Baneling x3  
  42  5:05  Zergling x4  
  42  5:06  Overlord x2  
  43  5:24  Zergling x2  
  43  5:25  Zergling x6  
  46  5:52  Baneling x3  
  46  5:55  Drone  
  46  5:56  Drone x6  
  52  5:58  Zerg Ground Armor Level 1  
  52  6:08  Overlord  
  52  6:16  Baneling x2  
  51  6:22  Zergling x6  
  51  6:23  Zergling x4  
  54  6:49  Baneling x3  
  54  6:53  Baneling  
  39  7:19  Zergling x22  
  37  7:31  Zergling x2  
  37  7:32  Zergling x2  
  34  7:43  Baneling  
  34  7:45  Baneling x2  
  34  7:46  Zergling x8  
  34  7:50  Queen  
  29  8:04  Baneling  
  29  8:05  Baneling x2  
  29  8:06  Zergling x12  
  35  8:19  Drone, Baneling x3  
  35  8:20  Drone x2  
  35  8:50  Baneling  
  35  8:51  Zergling x16  
  38  9:04  Zergling x6  
  38  9:05  Zergling x8  
  45  9:21  Zergling x8  
  45  9:33  Zergling x10  
  45  9:58  Zergling x8  
  42  10:14  Zergling x6  
  42  10:19  Baneling  
  42  10:21  Zergling x2  
  46  10:26  Zergling x2, Roach Warren  
  46  10:27  Zergling x2, Extractor  
  41  10:54  Zergling x14  
  45  11:06  Roach x6  
  45  11:07  Roach  
  44  11:21  Zergling x6  
  44  11:23  Zerg Missile Weapons Level 1  
  46  11:28  Roach x2  
  49  11:34  Baneling  
  49  11:36  Zergling x12  
  53  11:55  Roach x2  
  53  11:56  Roach x2  
  59  12:13  Roach x4  
  60  12:20  Zergling x4  
  56  12:24  Drone  
  55  12:41  Zergling x6  
  55  12:46  Baneling x2  
  55  12:51  Zergling x2  
  52  13:00  Zergling x4  
  52  13:11  Roach  
  52  13:13  Drone  
  44  13:28  Roach  
  44  13:29  Roach  
  44  13:33  Zergling x2  
  39  13:35  Ravager  
  39  13:36  Ravager  
  29  13:45  Zergling x2  
  29  13:46  Zergling x4  
  15  14:03  Zergling x2  
  15  14:09  Zergling x2  
Tags
 
Add a new tag
Caveats
  • Supply blocks, unpowered buildings, or Contaminate may cause inaccurate times.
  • Supply counts are checked every 10 seconds.